 Dungeon Crawl Stone Soup version 0.23.2-1-ga50397a6bc (webtiles) character file.

Game seed: 18059069624190932086

911 Lennu the Slasher (level 7, -9/60 HPs)
             Began as a Demonspawn Fighter on Apr 25, 2019.
             Mangled by Prince Ribbit (11 damage)
             ... on level 4 of the Dungeon.
             The game lasted 00:08:58 (5399 turns).

Lennu the Slasher (Demonspawn Fighter)              Turns: 5399, Time: 00:08:59

Health: -9/60      AC: 11    Str: 13    XL:     7   Next: 82%
Magic:  7/7        EV: 12    Int: 18    God:
Gold:   187        SH: 10    Dex: 17    Spells: 6/6 levels left

rFire    + . .     SeeInvis .   a - +1 long sword
rCold    . . .     Gourm    +   c - +1 shield
rNeg     + . .     Faith    .   x - +0 scale mail of the Shining Light {rPois rF+ Str-5 Int+3}
rPois    +         Spirit   .   (helmet restricted)
rElec    .         Reflect  .   (no cloak)
rCorr    +         Harm     .   r - +0 pair of gloves
MR       .....                  (no boots)
Stlth    +.........             n - amulet of the gourmand
HPRegen  0.20/turn              m - ring of resist corrosion
MPRegen  0.10/turn              s - ring of positive energy

@: brilliant, agile, lightly drained
A: beak, thin metallic scales 2, blurry vision 1, robust 1
a: no special abilities


You were on level 4 of the Dungeon.
You were completely stuffed.

You visited 1 branch of the dungeon, and saw 5 of its levels.

You collected 187 gold pieces.

Inventory:

Hand Weapons
 a - a +1 long sword (weapon)
Armour
 b - a +0 scale mail
 c - a +1 shield (worn)
 r - a +0 pair of gloves (worn)
 v - a +2 helmet of intelligence
 x - the +0 scale mail of the Shining Light (worn) {rPois rF+ Str-5 Int+3}
   (You found it on level 4 of the Dungeon)

   It affects your strength (-5).
   It affects your intelligence (+3).
   It protects you from fire.
   It protects you from poison.
Jewellery
 m - a ring of resist corrosion (left hand)
 n - an amulet of the gourmand (around neck)
 p - an uncursed ring of flight
 s - a ring of positive energy (right hand)
Wands
 d - a wand of random effects (5)
Scrolls
 e - 3 scrolls of remove curse
 j - 3 scrolls of fog
 k - a scroll of fear
 o - 2 scrolls of teleportation
 q - a scroll of blinking {unknown}
 u - 3 scrolls of identify
 w - a scroll of noise {unknown}
Potions
 h - a potion of curing
 i - a potion of mutation
Comestibles
 f - 6 rations
 g - 2 chunks of flesh


   Skills:
 * Level 4.3(3.8) Fighting
 * Level 5.1(4.6) Long Blades
 * Level 4.5(3.9) Armour
 * Level 2.1(1.6) Dodging
 * Level 4.6(4.0) Shields


You had 6 spell levels left.
You didn't know any spells.
Your spell library was empty.

Dungeon Overview and Level Annotations

Branches:
Dungeon (5/15)
 Temple: D:4-7

Altars:
Dithmenos
Gozag
Kikubaaqudgha
Ru
Vehumet

Shops:
D:3 *

Annotations:
D:4 Edmund, Prince Ribbit


Innate Abilities, Weirdness & Mutations

You are mostly covered in thin metallic scales. (AC +3)
You have a beak for a mouth.
Scrolls take you a little longer to read.
You are robust. (+10% HP)


Message History

Prince Ribbit is heavily wounded.
You block Prince Ribbit's attack. Prince Ribbit hits you.
* * * LOW HITPOINT WARNING * * *
You slash Prince Ribbit!
Prince Ribbit is severely wounded.
Prince Ribbit hits you!
* * * LOW HITPOINT WARNING * * *
You slash Prince Ribbit! Your peck misses Prince Ribbit.
Prince Ribbit is almost dead.
You block Prince Ribbit's attack.
Prince Ribbit casts a spell.
Prince Ribbit looks slightly unstable.
Your shield and scale mail of the Shining Light prevent you from hitting Prince Ribbit.
Your peck misses Prince Ribbit.
Prince Ribbit is almost dead.
Prince Ribbit completely misses you.
You riposte.
You closely miss Prince Ribbit.
Prince Ribbit is almost dead.
Prince Ribbit hits you!
You die...

#.)##.#
#....#
#.#>..
##.##.#
######
####..
#.##.#
##8.
#.##.#
##
#.##.#
#..#.#
##.#.#
#.#F#
#..@#
##[.#
#).#
##>#
###


You could see Prince Ribbit.

Vanquished Creatures
  Pikel (D:4)
  A scorpion (D:4)
  A crimson imp (D:5)
  A hound (D:5)
  An iguana (D:4)
  2 orc wizards (D:4)
  3 worker ants
  Robin (D:4)
  A gnoll (D:4)
  8 adders
  4 worms
  3 leopard geckos
  5 orcs
  3 giant cockroaches
  15 goblins
  7 hobgoblins
  15 jackals
  4 kobolds
  3 bats
  4 frilled lizards
  A leopard gecko skeleton (D:4)
  7 rats
91 creatures vanquished.

Vanquished Creatures (others)
  2 slaves (D:4)
  An orc wizard (D:4)
  An adder (D:4)
  5 orcs (D:4)
  4 hobgoblins (D:4)
13 creatures vanquished.

Grand Total: 104 creatures vanquished

Notes
Turn   | Place    | Note
-------+----------+-------------------------------------------
     0 | D:1      | Lennu the Demonspawn Fighter began the quest for the Orb.
     0 | D:1      | Reached XP level 1. HP: 18/18 MP: 1/1
   896 | D:2      | Gained mutation: You are partially covered in thin metallic
                  | scales. (AC +2) [demonic ancestry]
   896 | D:2      | Reached XP level 2. HP: 20/24 MP: 2/2
  1092 | D:2      | Reached skill level 2 in Long Blades
  1220 | D:2      | Reached XP level 3. HP: 29/29 MP: 3/3
  1642 | D:2      | Gained mutation: You are mostly covered in thin metallic
                  | scales. (AC +3) [demonic ancestry]
  1642 | D:2      | Reached XP level 4. HP: 15/35 MP: 4/4
  2960 | D:3      | Found an opulent altar of Gozag.
  2960 | D:3      | Found Gozag's Platinum Reserve.
  3131 | D:3      | Found a faded altar of an unknown god.
  3584 | D:3      | Found a radiant altar of Vehumet.
  3900 | D:3      | Reached XP level 5. HP: 41/41 MP: 5/5
  3904 | D:3      | Reached skill level 1 in Dodging
  4179 | D:4      | Noticed a slave
  4182 | D:4      | Noticed Pikel
  4182 | D:4      | Noticed a slave
  4183 | D:4      | Noticed a slave
  4184 | D:4      | Noticed a slave
  4195 | D:4      | Killed Pikel
  4195 | D:4      | Reached skill level 4 in Long Blades
  4195 | D:4      | Reached XP level 6. HP: 28/48 MP: 6/6
  4195 | D:4      | Reached XP level 7. HP: 32/54 MP: 7/7
  4383 | D:4      | Noticed Robin
  4424 | D:4      | Killed Robin
  5115 | D:4      | Reached skill level 5 in Long Blades
  5172 | D:4      | Found a sacrificial altar of Ru.
  5173 | D:4      | Noticed Edmund
  5176 | D:4      | Got a garnet-encrusted scale mail
  5188 | D:4      | Identified the +0 scale mail of the Shining Light {rPois
                  | rF+ Str-5 Int+3} (You found it on level 4 of the Dungeon)
  5217 | D:4      | Found a shadowy altar of Dithmenos.
  5219 | D:4      | Found an ancient bone altar of Kikubaaqudgha.
  5247 | D:5      | Entered Level 5 of the Dungeon
  5362 | D:5      | Noticed Prince Ribbit
  5390 | D:4      | Gained mutation: You have a pair of small horns on your
                  | head. [potion of mutation]
  5390 | D:4      | Gained mutation: You have an increased reservoir of magic.
                  | (+10% MP) [potion of mutation]
  5390 | D:4      | Gained mutation: You have a beak for a mouth. [potion of
                  | mutation]
  5394 | D:4      | Lost mutation: You have a pair of small horns on your head.
                  | [potion of mutation]
  5394 | D:4      | Lost mutation: You have an increased reservoir of magic.
                  | (+10% MP) [potion of mutation]
  5394 | D:4      | Gained mutation: Scrolls take you a little longer to read.
                  | [potion of mutation]
  5394 | D:4      | Gained mutation: You are robust. (+10% HP) [potion of
                  | mutation]
  5397 | D:4      | HP: 1/60 [Prince Ribbit (7)]
  5399 | D:4      | Mangled by Prince Ribbit

Skill      XL: |  1  2  3  4  5  6  7 |
---------------+----------------------+-----
Long Blades    | 2 4 5 |  5.1
Armour         | 3 4 |  4.5
Shields        | 3 4 |  4.6
Dodging        | 1 2 |  2.1
Fighting       | 4 |  4.3

Action                   |  1- 3 |  4- 6 |  7- 9 || total
-------------------------+-------+-------+-------++-------
Melee: Long sword        |   110 |   156 |   129 ||   395
       Peck              |       |       |     1 ||     1
  Use: Scroll            |       |     7 |       ||     7
       Potion            |       |     1 |     5 ||     6
  Eat: Chunk             |    10 |    15 |     4 ||    29
Armor: Scale mail        |    52 |    87 |    86 ||   225
Dodge: Dodged            |    31 |    47 |    40 ||   118
Block: Shield            |    60 |    97 |    87 ||   244
       Rpst.: Long sword |    13 |    14 |    15 ||    42
